 Dungeon Crawl Stone Soup version 0.26.0-10-g1f06aea511 (webtiles) character file.

Game seed: 6137431018275324811

1607 inmateoo the Martial Artist (level 8, -4/57 (62) HPs)
             Began as a Vampire Chaos Knight on Jan 14, 2021.
             Was a Plaything of Xom.
             Slain by a wight
             ... wielding a +5 spear of freezing
              (5 damage)
             ... on level 6 of the Dungeon.
             The game lasted 00:06:44 (4246 turns).

inmateoo the Martial Artist (Vampire Chaos Knight)  Turns: 4246, Time: 00:06:44

HP:   -4/57 (62)    AC: 15    Str: 12    XL:     8   Next: 63%
MP:   0/8           EV:  7    Int: 14    God:    Xom [..*...]
Gold: 221           SH:  0    Dex: 15    Spells: 7/7 levels left

rFire    . . .     SeeInvis +     - Unarmed
rCold    . . .     Faith    .   (no shield)
rNeg     . . .     Spirit   +   b - +0 chain mail
rPois    .         Reflect  .   (no helmet)
rElec    .         Harm     .   y - +2 cloak
rCorr    .         Rampage  .   p - +0 pair of gloves
Will     .....                  (no boots)
Stlth    ..........             h - amulet of guardian spirit
HPRegen  0.39/turn              (no ring)
MPRegen  0.11/turn              (no ring)

@: regenerating quickly, drained
A: fangs 3, hooves 2, iridescent scales 1, see invisible, wild magic 1,
unbreathing, evolution 1, MP-powered wands
a: Exsanguinate, Renounce Religion


You were on level 6 of the Dungeon.
You worshipped Xom.
You were a toy of Xom.
You visited 1 branch of the dungeon, and saw 6 of its levels.

You collected 221 gold pieces.

Inventory:

Hand Weapons
 n - the +5 mace "Ujug" {drain, Fragile rF++ rC+ SInv}
   (You took it off a gnoll on level 5 of the Dungeon)

   A truly terrible weapon, it drains the life of those it strikes.
   It greatly protects you from fire.
   It protects you from cold.
   It lets you see invisible.
   It will be destroyed if unequipped.
Missiles
 a - 9 javelins (quivered)
 m - 27 poisoned darts
Armour
 b - a +0 chain mail (worn)
 p - a +0 pair of gloves (worn)
 r - a +2 buckler of fire resistance
 y - a +2 cloak (worn)
Jewellery
 h - an amulet of guardian spirit (around neck)
 j - an uncursed ring of ice
 w - an uncursed ring of protection from fire {unknown}
Wands
 o - a wand of random effects (15)
Scrolls
 c - 3 scrolls of amnesia
 d - a scroll of fear
 f - 3 scrolls of magic mapping
 g - 2 scrolls of remove curse
 l - a scroll of enchant armour
 v - a scroll of identify
 z - a scroll of blinking {unknown}
Potions
 e - 2 potions of flight {unknown}
 i - 2 potions of heal wounds {unknown}
 k - a potion of haste {unknown}
 q - a potion of curing {unknown}
 s - a potion of might {unknown}
 t - a potion of cancellation
 u - a potion of berserk rage
 x - a potion of mutation


   Skills:
 + Level 5.1 Fighting
 + Level 3.9 Armour
 - Level 5.0 Dodging
 + Level 2.3 Shields
 * Level 8.2 Unarmed Combat


You had 7 spell levels left.
You didn't know any spells.
Your spell library was empty.

Dungeon Overview and Level Annotations

Branches:
Dungeon (6/15)
 Temple: D:4-7

Altars:
Dithmenos
Fedhas
Hepliaklqana
Kikubaaqudgha
Okawaru
Ru
Uskayaw
Wu Jian
Zin

Shops:
D:5 *

Annotations:
D:6 1 runed translucent door, denisd0's ghost, novice OpCj


Innate Abilities, Weirdness & Mutations

Your natural rate of healing is unusually fast.
You have razor-sharp teeth.
You have supernaturally acute eyesight. (SInv)
You can survive without breathing.
You have hoof-like feet.
You are partially covered in iridescent scales. (AC +2)
Your spells are a little harder to cast, but a little more powerful.
You evolve.
You expend magic power (3 MP) to strengthen your wands.


Message History

You closely miss the wight. You kick the wight, but do no damage.
Your bite misses the wight. The wight closely misses you.
You are too injured to fight recklessly!
You hit the wight but do no damage. You kick the wight, but do no damage.
The wight hits you but does no damage. x2; You are electrocuted!
* * * LOW HITPOINT WARNING * * *
You are too injured to fight recklessly!
You closely miss the wight. You kick the wight, but do no damage.
The wight hits you but does no damage.
The wight hits you with a +1 short sword of electrocution.
* * * LOW HITPOINT WARNING * * *
You are too injured to fight recklessly!
Your chain mail prevents you from hitting the wight.
Your kick misses the wight. The wight hits you but does no damage.
There is a stone staircase leading up here.
The wight hits you but does no damage.
You are electrocuted!
* * * LOW HITPOINT WARNING * * *
The wight hits you from afar with a +5 spear of freezing.
You die...
Xom howls with laughter!

#..# ..# #..# ###..#
##.# ##...z #.# #)).#
#.# #!)# #########.#
#..## .
≈≈≈≈F#.#..###..z####...
$≈≈WF+.....#...z......#
≈≈≈≈r#.........@.....##
########...(..........#
#..>...####.....
##....### ##...
##.###.# ... ##.## #.#
# ##.## #.# # ##.## ##.
# ##.##


You could see 2 wights.

Vanquished Creatures
  A water moccasin (D:5)
  A sky beast (D:6)
  A black bear (D:6)
  4 ogres
  A centaur (D:6)
  A scorpion (D:5)
  4 wights (D:6)
  Crazy Yiuf (D:4)
  3 orc priests
  2 orc wizards
  2 worker ants
  A hound skeleton (D:5)
  17 gnolls
  9 adders
  4 oozes
  An adder skeleton (D:4)
  3 worms
  4 dart slugs
  2 leopard geckos
  11 orcs
  5 giant cockroaches
  7 goblins
  9 hobgoblins
  10 jackals
  A quokka (D:5)
  2 ball pythons
  10 bats
  6 frilled lizards
  13 kobolds
  A leopard gecko skeleton (D:4)
  A quokka skeleton (D:5)
  9 rats
147 creatures vanquished.

Vanquished Creatures (collateral kills)
  2 orc priests
  An orc wizard (D:6)
  A gnoll (D:6)
  2 orcs
6 creatures vanquished.

Vanquished Creatures (others)
  A plant (D:6)
1 creature vanquished.

Grand Total: 154 creatures vanquished

Notes
Turn   | Place    | Note
-------+----------+-------------------------------------------
     0 | D:1      | inmateoo the Vampire Chaos Knight began the quest for the
                  | Orb.
     0 | D:1      | Reached XP level 1. HP: 17/17 MP: 1/1
   161 | D:1      | XOM: divination: detect creatures
   176 | D:1      | Reached skill level 1 in Armour
   184 | D:1      | Reached XP level 2. HP: 23/23 MP: 2/2
   351 | D:1      | Reached XP level 3. HP: 26/28 MP: 3/3
   457 | D:1      | Reached skill level 4 in Unarmed Combat
   851 | D:2      | Reached XP level 4. HP: 19/35 MP: 2/4
  1159 | D:2      | XOM is BORED!
  1159 | D:2      | XOM: silly message
  1496 | D:2      | XOM: divination: detect items
  1610 | D:3      | Reached XP level 5. HP: 24/32 MP: 5/5
  1679 | D:2      | XOM: divination: detect items
  1896 | D:3      | XOM: potion effect (brilliance)
  1900 | D:3      | XOM: potion effect (invisibility)
  1902 | D:3      | Reached skill level 5 in Unarmed Combat
  1976 | D:3      | XOM: divination: detect items
  2286 | D:3      | Found a hazy altar of Hepliaklqana.
  2289 | D:3      | Found a shadowy altar of Dithmenos.
  2289 | D:3      | Noticed a shadow
  2529 | D:4      | XOM: cast spell 'Summon Mana Viper'
  2530 | D:4      | XOM: polymorph mana viper -> deep troll
  2563 | D:4      | XOM: give mutations
  2563 | D:4      | Gained mutation: Your spells are a little harder to cast,
                  | but a little more powerful. [Xom's grace]
  2563 | D:4      | Gained mutation: You are partially covered in iridescent
                  | scales. (AC +2) [Xom's grace]
  2563 | D:4      | Gained mutation: You evolve. [Xom's grace]
  2575 | D:4      | Noticed an ogre
  2586 | D:4      | Killed an ogre
  2587 | D:4      | Reached XP level 6. HP: 40/43 MP: 4/6
  2657 | D:4      | XOM: swap monsters
  2679 | D:4      | Found a sacrificial altar of Ru.
  2682 | D:4      | XOM: 2-stop teleportation journey
  2829 | D:4      | Found a runed translucent door.
  2830 | D:4      | Noticed Crazy Yiuf
  2839 | D:4      | Killed Crazy Yiuf
  2874 | D:4      | XOM: give mutations
  2874 | D:4      | Gained mutation: You have large cloven feet. [Xom's grace]
  2874 | D:4      | Gained mutation: You expend magic power (3 MP) to
                  | strengthen your wands. [Xom's grace]
  2874 | D:4      | Gained mutation: You have hoof-like feet. [Xom's grace]
  2881 | D:4      | XOM: enchant monster (good)
  2890 | D:4      | Reached skill level 6 in Unarmed Combat
  2947 | D:4      | XOM: cast spell 'Death Channel'
  2950 | D:4      | Reached XP level 7. HP: 36/48 MP: 5/7
  3046 | D:4      | Found an ancient bone altar of Kikubaaqudgha.
  3060 | D:4      | Found an iron altar of Okawaru.
  3063 | D:4      | Found a hide-covered altar of Uskayaw.
  3233 | D:5      | Entered Level 5 of the Dungeon
  3270 | D:5      | Identified the +5 mace "Ujug" {drain, Fragile rF++ rC+
                  | SInv}
  3368 | D:5      | XOM: divination: magic mapping
  3488 | D:5      | XOM: divination: magic mapping
  3521 | D:5      | Found a glowing silver altar of Zin.
  3618 | D:5      | Found Ziuseant's Elemental Accessories.
  3662 | D:5      | Reached skill level 7 in Unarmed Combat
  3675 | D:5      | Found an ornate altar of the Wu Jian Council.
  3742 | D:5      | Reached skill level 1 in Shields
  3742 | D:5      | Reached XP level 8. HP: 38/61 MP: 4/8
  3908 | D:5      | XOM: divination: detect items
  3965 | D:5      | XOM: divination: detect creatures
  4018 | D:6      | XOM: swap monsters
  4024 | D:6      | XOM: enchant monster (good)
  4027 | D:6      | XOM: summons 8 friendly demons
  4037 | D:6      | Reached skill level 5 in Dodging
  4098 | D:5      | XOM: silly message
  4160 | D:6      | Reached skill level 5 in Fighting
  4160 | D:6      | Found a blossoming altar of Fedhas.
  4195 | D:6      | Found a runed translucent door.
  4195 | D:6      | Noticed denisd0's ghost (novice OpCj)
  4221 | D:6      | Reached skill level 8 in Unarmed Combat
  4246 | D:6      | HP: 1/57 [wight/+1 short sword of electrocution (15)]
  4246 | D:6      | Slain by a wight

Illustrated notes

Levels and vault maps discovered:
D:1:      dpeg_arrival_lava_temple_mockup, layout_loops_ring,
          minmay_misc_feat_room, minmay_pentomino_r4
D:2:      layout_basic
D:3:      layout_basic, riverfiend_overflow_shadow_ancestor, minmay_cut_off
D:4:      layout_loops_cross, grunt_temple_overflow_cloverleaf,
          uniq_crazy_yiuf_cottage
D:5:      layout_loops_ring, nzn_wu_jian_contemplation, zin_academy,
          serial_rivers, chequers_serial_rivers_marsh,
          chequers_serial_rivers_micro_c, chequers_serial_rivers_micro_d,
          chequers_serial_rivers_large_b, nicolae_elemental_shop
D:6:      corexii_shantytown, layout_layer_cave, lightli_temple_of_fire,
          lemuel_doored_altar, serial_shops, kennysheep_mini_moat,
          ebering_ghost_sewer_f

Skill      XL: |  1  2  3  4  5  6  7  8 |
---------------+-------------------------+-----
Armour         | 1 2 3 |  3.9
Fighting       | 3 4 5 |  5.1
Unarmed Combat | 4 5 6 7 8 |  8.2
Dodging        | 3 4 5 |  5.0
Shields        | 1 2 |  2.3

Action                   |  1- 3 |  4- 6 |  7- 9 || total
-------------------------+-------+-------+-------++-------
Melee: Unarmed           |   182 |   300 |   178 ||   660
       Bite              |    15 |    30 |    25 ||    70
       Punch             |     2 |    10 |     8 ||    20
       Kick              |       |     3 |    51 ||    54
 Abil: Exsanguinate      |       |     1 |       ||     1
       Revivify          |       |     1 |       ||     1
  Use: Scroll            |       |     7 |     6 ||    13
 Stab: Invisible         |       |     2 |       ||     2
       Paralysed         |       |     3 |       ||     3
Armor: Chain mail        |   131 |   165 |   116 ||   412
Dodge: Dodged            |    59 |   107 |    67 ||   233
